 Dungeon Sprint DCSS version 0.31-a0-667-g39726597b9 (webtiles) character file.

Game seed: 4092253478309774429

1204 sircluck the Grappler (level 8, -3/92 HPs)
             Began as a Troll Berserker on Sept 3, 2023.
             Was a Priest of Trog.
             Engulfed by a cloud of steam (7 damage)
             ... in the Dungeon (Sprint II: "The Violet Keep of Menkaure").
             The game lasted 00:02:41 (189 turns).

sircluck the Grappler (Troll Berserker)              Turns: 189, Time: 00:02:42

Health: -3/92      AC:  4    Str: 28    XL:     8   Next: 21%
Magic:  7/7        EV: 11    Int:  3    God:    Trog [***...]
Gold:   83         SH:  0    Dex:  7    Spells: 7/7 levels left

rFire   . .          .
                       - Unarmed
rCold   . . .        (no shield)
rNeg    . . .        a - +0 animal skin
rPois   .            (helmet restricted)
rElec   .            (no cloak)
rCorr   .            (gloves unavailable)
SInv    .            (boots unavailable)
Will    .....        (no amulet)
Stlth   +            (no ring)
HPRegen 1.15/turn    (no ring)
MPRegen 0.10/turn

%: no teleportation
@: on berserk cooldown, slowed, very slow
A: large, unfitting armour, claws 3, regeneration 1, shaggy fur 1, tough skin 1,
clumsy 1, sense surroundings 1, screaming 1
a: Renounce Religion, Berserk, Trog's Hand


You were in the Dungeon.
You worshipped Trog.
Trog was most pleased with you.
You visited 1 branch You collected 243 gold pieces.
You spent 160 gold pieces at shops.

Inventory:

Armour
 a - a +0 animal skin (worn)
Scrolls
 g - a scroll of blinking
 h - a scroll of identify {unknown}
Potions
 b - a potion of curing
 d - a potion of haste
 e - 2 potions of magic
 f - a potion of berserk rage


   Skills:
 + Level 9.3 Fighting
 + Level 9.2 Dodging
 + Level 10.9 Unarmed Combat


You had 7 spell levels left.
You didn't know any spells.
Your spell library was empty.

Dungeon Overview and Level Annotations

Branches:
Dungeon (1/1)

Altars:
Gozag

Shops:
D ?:=[(!=[:*=:![[

Annotations:
D exclusions: oklob plant and orange crystal statue, Roxanne


Innate Abilities, Weirdness & Mutations

You are too large for most types of armour.
You have claws for hands.
Your natural rate of healing is unusually fast.
You are covered in fur. (AC +1)
You have tough skin. (AC +1)
You are clumsy. (Dex -2)
You passively map a small area around you.
You occasionally shout uncontrollably at your foes.


Message History

The boulder beetle bites you.
* * * LOW HITPOINT WARNING * * *
You scratch the boulder beetle.
The boulder beetle is moderately wounded.
The boulder beetle bites you.
* * * LOW HITPOINT WARNING * * *
You scratch the boulder beetle.
The boulder beetle is moderately wounded.
The boulder beetle bites you!
* * * LOW HITPOINT WARNING * * *
You scratch the boulder beetle but do no damage.
The boulder beetle is moderately wounded.
You are engulfed in a cloud of scalding steam.
* * * LOW HITPOINT WARNING * * *
The boulder beetle is engulfed in a cloud of scalding steam.
The boulder beetle bites you.
* * * LOW HITPOINT WARNING * * *
The boulder beetle bites you but does no damage.
You feel much better.
The boulder beetle completely misses you.
You claw the boulder beetle!
The boulder beetle is heavily wounded.
The boulder beetle bites you.
* * * LOW HITPOINT WARNING * * *
You scratch the boulder beetle but do no damage.
The boulder beetle is heavily wounded.
The boulder beetle bites you!!
* * * LOW HITPOINT WARNING * * *
You mangle the boulder beetle!!
The boulder beetle is severely wounded.
The boulder beetle bites you.
* * * LOW HITPOINT WARNING * * *
The boulder beetle barely misses you.
You scratch the boulder beetle but do no damage.
You claw the boulder beetle.
The boulder beetle is severely wounded.
The boulder beetle leaps!
The boulder beetle curls into a ball and begins rolling!
You are engulfed in a cloud of scalding steam.
You die...

##~~#+++#+++## ,
#~~~.........# ,
#~~~~.##'##..#,,* ,
#~~~~##...##.#### ,*,
#~~~~#..##.# ...# ,,
#~~######.### ..## #~##
#'###.##..# , #~#
,##.##...#..# ,, '~+
+.<.+* #'.@### , #~#*
##.##..$#..§.###.. *
#~##, #+###.##......~~~
#~~### ###~~....§~#+ * *
##~~~# ,#~~~§~~~.§~#.,
#'#~##,, ##§~~§§~§~.~#.
##.#~~##+##~~§≈≈§§§B§~#.,
_
.####~~~~~~~~§§§≈§§~~~#.
. #+++#+++#§≈≈≈≈≈≈≈~#. _


You could see a boulder beetle (rolling).

Vanquished Creatures
  A boulder beetle (D)
  4 neqoxecs (D)
  Menkaure (D)
  A hell rat (D)
7 creatures vanquished.

Notes
Turn   | Place    | Note
-------+----------+-------------------------------------------
     0 | D        | sircluck the Troll Berserker began the quest for the Orb.
     0 | D        | Reached XP level 1. HP: 22/22 MP: 0/0
     1 | D        | Noticed a neqoxec
     1 | D        | Gained mutation: You occasionally lose the ability to drink
                  | potions when taking damage. [a neqoxec]
    12 | D        | Killed a neqoxec
    13 | D        | Reached skill level 5 in Fighting
    13 | D        | Reached skill level 5 in Dodging
    13 | D        | Reached skill level 6 in Unarmed Combat
    13 | D        | Reached XP level 2. HP: 35/35 MP: 1/1
    13 | D        | Reached XP level 3. HP: 42/42 MP: 2/2
    13 | D        | Reached XP level 4. HP: 50/50 MP: 3/3
    14 | D        | Noticed a neqoxec
    14 | D        | Noticed a neqoxec
    14 | D        | Noticed a neqoxec
    18 | D        | Killed a neqoxec
    18 | D        | Reached ** piety under Trog
    19 | D        | Reached skill level 7 in Unarmed Combat
    19 | D        | Reached XP level 5. HP: 42/61 MP: 4/4
    21 | D        | Gained mutation: You sometimes lose the ability to drink
                  | potions when taking damage. [a neqoxec]
    25 | D        | Killed a neqoxec
    26 | D        | Reached skill level 8 in Unarmed Combat
    26 | D        | Reached XP level 6. HP: 19/71 MP: 5/5
    28 | D        | Killed a neqoxec
    29 | D        | Reached skill level 9 in Unarmed Combat
    30 | D        | Noticed Roxanne
    34 | D        | Noticed Menkaure
    35 | D        | Killed Menkaure
    35 | D        | Reached *** piety under Trog
    36 | D        | Reached XP level 7. HP: 39/80 MP: 6/6
    40 | D        | Found Danuwn's Antique Armour Boutique.
    40 | D        | Found Jashocac's Antique Armour Shop.
    42 | D        | Found Huafu Joang's Jewellery Shop.
    42 | D        | Found Nolew's Book Boutique.
    42 | D        | Found Pughaagu's Distillery.
    44 | D        | Found Pujamam's Antique Armour Boutique.
    44 | D        | Found Suwn's Book Boutique.
    44 | D        | Found Juaxohot's Assorted Antiques.
    46 | D        | Found Baami's Distillery.
    46 | D        | Found Ideniff's Jewellery Boutique.
    46 | D        | Found Unubiut's Antique Weapon Shop.
    46 | D        | Noticed a slime creature
    46 | D        | Noticed a slime creature
    63 | D        | Noticed an orange crystal statue
    90 | D        | Found Mupaibiu's Armour Boutique.
    90 | D        | Found Essaox's Jewellery Shop.
    90 | D        | Noticed a slime creature
    90 | D        | Noticed an oklob plant
    91 | D        | Found Adazo's Book Shoppe.
    91 | D        | Found Xosebinu's Magic Scroll Boutique.
    92 | D        | Noticed a redback
    93 | D        | Noticed a redback
    96 | D        | Noticed a wyvern
    96 | D        | Noticed a flying skull
    96 | D        | Noticed a wyvern
    96 | D        | Noticed a flying skull
    97 | D        | Noticed a flying skull
   101 | D        | Noticed a flying skull
   103 | D        | Noticed a flying skull
   118 | D        | Bought a potion of mutation for 80 gold pieces
   118 | D        | Bought a potion of mutation for 80 gold pieces
   118 | D        | Lost mutation: You sometimes lose the ability to drink
                  | potions when taking damage. [potion of mutation]
   118 | D        | Lost mutation: You occasionally lose the ability to drink
                  | potions when taking damage. [potion of mutation]
   118 | D        | Gained mutation: Your mind is acute. (Int +4, Str/Dex -1)
                  | [potion of mutation]
   119 | D        | Lost mutation: Your mind is acute. (Int +4, Str/Dex -1)
                  | [potion of mutation]
   119 | D        | Gained mutation: You passively map a small area around you.
                  | [potion of mutation]
   119 | D        | Gained mutation: You are clumsy. (Dex -2) [potion of
                  | mutation]
   119 | D        | Gained mutation: You occasionally shout uncontrollably at
                  | your foes. [potion of mutation]
   158 | D        | Found an opulent altar of Gozag.
   163 | D        | Noticed a boulder beetle
   163 | D        | Noticed a boulder beetle
   176 | D        | Killed a boulder beetle
   177 | D        | Reached skill level 10 in Unarmed Combat
   177 | D        | Reached XP level 8. HP: 92/92 MP: 7/7
   185 | D        | HP: 4/92 [boulder beetle (24)]
   186 | D        | HP: 1/92 [boulder beetle (4)]
   189 | D        | Engulfed by a cloud of steam

Illustrated notes

Levels and vault maps discovered:
D:        the_violet_keep_of_menkaure [sprint2_stairs_cluster_1,
          sprint2_shoproom, sprint2_temple, sprint2_basic_supplies,
          sprint2_obstacle_4, sprint2_obstacle_3, sprint2_obstacle_6,
          sprint2_obstacle_1, sprint2_obstacle_2, sprint2_timed_cluster_1,
          sprint2_smallroom_cluster_1, sprint2_smallroom_final_cluster_1,
          sprint2_transparent_cluster_1, sprint2_second_timed_cluster_1,
          sprint2_sniper_area_1, sprint2_heavy_combat_area_1,
          sprint2_mutation_trap_area_1, sprint2_forest_area_1,
          sprint2_light_combat_area_1, sprint2_behind_water_1,
          sprint2_near_end_vault_1]

Skill      XL: |  1  2  3  4  5  6  7 |
---------------+----------------------+-----
Fighting       | 5 6 7 8 9 |  9.3
Dodging        | 5 6 7 8 9 |  9.2
Unarmed Combat | 6 7 8 9 10 | 10.9

Action                     |  1- 3 |  4- 6 |  7- 9 || total
---------------------------+-------+-------+-------++-------
  Melee: Unarmed           |     8 |    15 |    21 ||    44
         Punch             |       |     1 |     1 ||     2
 Invoke: Berserk           |     1 |       |     1 ||     2
    Use: Potion            |       |       |     3 ||     3
 Armour: Animal skin       |     3 |     6 |    20 ||    29
  Dodge: Dodged            |     1 |     4 |     5 ||    10

Table legend: (Time is in decaauts)
 A = Elapsed time spent in this place.
 B = Non-inter-level travel time spent in this place.
 C = Inter-level travel time spent in this place.
 D = Time resting spent in this place.
 E = Time spent auto-exploring this place.
 F = Levels seen in this place.
 G = Mean time per level.
                   A        B        C        D        E       F      G
               +--------+--------+--------+--------+--------+-----+--------+
         Total |    194 |    191 |      3 |      0 |     18 |   1 |  194.0 |
       Dungeon |    194 |    191 |      3 |      0 |     18 |   1 |  194.0 |
               +--------+--------+--------+--------+--------+-----+--------+

Top non-repeatable levels by time:
       D: 194 daAuts
